[Event "Titled Tuesday Blitz January 31 Early 2023"]
[White "Kostiukov, Alexandr"]
[Black "Ricaurte Lopez, Juan Carlos"]
[WhiteFideId "14108100"]
[BlackFideId "3600327"]
[WhiteElo "2271"]
[BlackElo "2226"]
[Result "0-1"]
[Round "10"]
[TimeControl "180+2"]
[Date "2023.01.31"]
[WhiteClock "0:00:06"]
[BlackClock "0:00:31"]

1. e4 e5 2. Nf3 d5 3. d3 Nc6 4. exd5 Qxd5 5. Nc3 Bb4 6. Bd2 Bxc3 7. Bxc3 Bf5 8. Qe2 Bg4 9. h3 Bxf3 10. gxf3 O-O-O 11. Qe4 Nd4 12. Qxd5 Rxd5 13. O-O-O Nf6 14. Bg2 Rc5 15. Rhe1 Nh5 16. Bxd4 exd4 17. Re4 Rd8 18. h4 g6 19. Rde1 Rcd5 20. Kd2 f5 21. Re7 R5d7 22. Re8 Nf4 23. Bf1 c6 24. Rxd8+ Kxd8 25. b3 Re7 26. Ra1 Kd7 27. a4 a5 28. Rb1 c5 29. c3 Ne6 30. Re1 dxc3+ 31. Kxc3 Nd4 32. Rxe7+ Kxe7 33. Kc4 Kd6 34. Bg2 h6 35. f4 b6 36. Bd5 Ne2 37. Bf7 Nxf4 38. Kb5 Kc7 39. Bc4 g5 40. hxg5 hxg5 41. f3 g4 42. fxg4 fxg4 43. d4 cxd4 44. Bf1 d3 0-1


[Site "https://www.chess.com"]

[Event "Titled Tuesday Blitz January 31 Early 2023"]
[White "Adithya A Chullikkad"]
[Black "Rosenberg, Evan S"]
[WhiteFideId "45078734"]
[BlackFideId "2019299"]
[WhiteElo "2259"]
[BlackElo "1956"]
[Result "1-0"]
[Round "10"]
[TimeControl "180+2"]
[Date "2023.01.31"]
[WhiteClock "0:00:14"]
[BlackClock "0:00:13"]

1. d4 d5 2. Bf4 c5 3. e3 Nc6 4. c3 Nf6 5. Nd2 cxd4 6. cxd4 Qb6 7. Qb3 Bf5 8. Qxb6 axb6 9. Bc7 Nd7 10. Bb5 e6 11. Ngf3 Bb4 12. O-O O-O 13. a3 Be7 14. Rfc1 Rfc8 15. Bg3 h6 16. Rc3 Nf6 17. Rac1 Na7 18. Be2 Rxc3 19. Rxc3 Nc6 20. Bb5 Na7 21. Be2 Bd8 22. Bc7 Rc8 23. Bxd8 Rxd8 24. Ne5 Rc8 25. Rxc8+ Nxc8 26. g4 Bc2 27. f3 Kf8 28. h4 Ke7 29. g5 Nd7 30. Nxd7 Kxd7 31. gxh6 gxh6 32. Kh2 Nd6 33. Kg3 Nf5+ 34. Kg4 Nxe3+ 35. Kh5 Nf5 36. Bf1 Nxd4 37. Kxh6 Nf5+ 38. Kg5 Ke7 39. h5 f6+ 40. Kg6 Ng3+ 41. Kh6 Kf7 42. Bh3 f5 43. Nf1 Nxf1 44. Bxf1 e5 45. Kg5 e4 46. fxe4 fxe4 47. Kf4 Kg7 48. Ke5 Bb3 49. Be2 Kh6 50. Kd4 Bc4 51. Bxc4 dxc4 52. Kxe4 b5 53. Kd4 b6 54. Kd5 Kxh5 55. Kc6 Kg4 56. Kxb6 Kf5 57. Kxb5 c3 58. bxc3 Ke5 59. a4 Kd6 60. a5 Kc7 61. a6 Kb8 62. Kb6 Ka8 63. c4 Kb8 64. c5 Ka8 65. c6 Kb8 66. c7+ Ka8 67. c8=Q# 1-0


[Site "https://www.chess.com"]

[Event "Titled Tuesday Blitz January 31 Early 2023"]
[White "Winkels, Marcel"]
[Black "Levitan, Caleb Levi"]
[WhiteFideId "1003887"]
[BlackFideId "14332620"]
[WhiteElo "1960"]
[BlackElo "2129"]
[Result "1/2-1/2"]
[Round "10"]
[TimeControl "180+2"]
[Date "2023.01.31"]
[WhiteClock "0:00:24"]
[BlackClock "0:00:08"]

1. d4 Nf6 2. Bf4 e6 3. e3 d5 4. Nc3 a6 5. Nf3 c5 6. a3 Nc6 7. Bd3 Bd6 8. Bg3 O-O 9. O-O b5 10. dxc5 Bxc5 11. e4 Bb7 12. exd5 Nxd5 13. Nxd5 Qxd5 14. Qe2 Nd4 15. Qd1 Nxf3+ 16. Qxf3 Qxf3 17. gxf3 Bxf3 18. Rfe1 Rfd8 19. a4 b4 20. a5 b3 21. Rac1 bxc2 22. Bxc2 Bb4 23. Re3 Bd2 24. Rxf3 Bxc1 25. b3 Bd2 26. Bd3 Bxa5 27. Be5 f6 28. Bb2 Rac8 29. Bc4 Kf7 30. Rh3 Rd1+ 31. Kg2 Rd2 32. Bc1 Rc2 33. Be3 h6 34. Bxa6 R8c3 35. Bc4 Rb2 36. Rh5 Rxe3 37. Rxa5 Rc3 38. Ra7+ Kg6 39. Bxe6 Rcc2 40. Bf7+ Kh7 41. Ra1 Rxf2+ 42. Kg3 Rg2+ 43. Kf4 Rxh2 44. Rg1 Rh4+ 45. Ke3 Rbh2 46. Bg6+ Kg8 47. Rc1 Kf8 48. Rc8+ Ke7 49. Re8+ Kd7 50. Rg8 R4h3+ 51. Kd4 Rd2+ 52. Kc4 Ke6 53. Rxg7 Rh4+ 54. Kc3 Rdh2 55. Rg8 h5 56. Re8+ Kd7 57. Rh8 R2h3+ 58. Kb2 Rg3 59. Bxh5 Rg5 60. Be8+ Ke7 61. Rxh4 Kxe8 62. Rf4 Ke7 63. b4 f5 64. Kb3 Ke6 65. Ka4 Ke5 66. Rf1 f4 67. b5 Ke4 68. b6 f3 69. b7 Rg8 70. Rb1 Rb8 71. Ka5 f2 72. Kb6 Ke3 73. Kc7 Rxb7+ 74. Kxb7 Ke2 75. Kc6 f1=Q 76. Rxf1 Kxf1 1/2-1/2


[Site "https://www.chess.com"]

[Event "Titled Tuesday Blitz January 31 Early 2023"]
[White "Kiseleva, Arina"]
[Black "Schut, Han"]
[WhiteFideId "4164989"]
[BlackFideId "1005561"]
[WhiteElo "1962"]
[BlackElo "2101"]
[Result "1-0"]
[Round "10"]
[TimeControl "180+2"]
[Date "2023.01.31"]
[WhiteClock "0:00:03"]
[BlackClock "0:01:04"]

1. d4 Nf6 2. Nf3 g6 3. c4 Bg7 4. Nc3 d5 5. cxd5 Nxd5 6. Bd2 Nb6 7. e3 Nc6 8. Be2 O-O 9. O-O e5 10. dxe5 Nxe5 11. Nxe5 Bxe5 12. f4 Bg7 13. Bf3 c6 14. Qe2 Be6 15. b3 Re8 16. Rac1 Qd7 17. Rfd1 Rad8 18. e4 Qd3 19. Be3 Qxe2 20. Nxe2 f5 21. e5 Bf8 22. Nd4 Kf7 23. Nxe6 Kxe6 24. Be2 Ba3 25. Rb1 Nd5 26. Bc4 Ke7 27. Bxd5 Rxd5 28. Rxd5 cxd5 29. b4 Rc8 30. Bc5+ Ke6 31. Rb3 Bc1 32. g3 b6 33. Bf2 g5 34. Be3 Bxe3+ 35. Rxe3 gxf4 36. gxf4 d4 37. Rh3 Rc1+ 38. Kf2 Kd5 39. Rxh7 Ke4 40. e6 Rc2+ 41. Kg3 Rc3+ 42. Kf2 Kd3 43. e7 Ke4 44. e8=Q+ Kxf4 45. Rh4+ Kg5 46. Qh8 Rc2+ 47. Kf3 Rc3+ 48. Ke2 Rc2+ 49. Kd3 Rxa2 50. Qh6# 1-0


[Site "https://www.chess.com"]

[Event "Titled Tuesday Blitz January 31 Early 2023"]
[White "kiwibobo"]
[Black "Clawitter, Craig"]
[BlackFideId "2023105"]
[WhiteElo "2040"]
[BlackElo "2050"]
[Result "1-0"]
[Round "10"]
[TimeControl "180+2"]
[Date "2023.01.31"]
[WhiteClock "0:01:41"]
[BlackClock "0:00:15"]

1. e4 e6 2. d4 d5 3. Nd2 Be7 4. Ngf3 Nf6 5. e5 Nfd7 6. c3 c5 7. Bd3 Nc6 8. O-O a5 9. Re1 cxd4 10. cxd4 Qb6 11. h3 Nxd4 12. Nxd4 Qxd4 13. Nf3 Qb6 14. Be3 Bc5 15. Ng5 h6 16. Qh5 O-O 17. Nh7 Bxe3 18. Rxe3 Qxb2 19. Rae1 Re8 20. Rf3 Re7 21. Nf6+ Nxf6 22. exf6 Rc7 23. fxg7 Rc1 24. Qxf7# 1-0


[Site "https://www.chess.com"]

[Event "Titled Tuesday Blitz January 31 Early 2023"]
[White "Cramling Bellon, Anna"]
[Black "De Souza, Cristiano Gomes"]
[WhiteFideId "32009232"]
[BlackFideId "2151758"]
[WhiteElo "2043"]
[BlackElo "2018"]
[Result "1-0"]
[Round "10"]
[TimeControl "180+2"]
[Date "2023.01.31"]
[WhiteClock "0:01:25"]
[BlackClock "0:01:23"]

1. d4 Nf6 2. c4 g6 3. Nc3 Bg7 4. e4 d6 5. h3 O-O 6. Nf3 e5 7. d5 Nbd7 8. Be2 Nc5 9. Qc2 a5 10. Bg5 Bd7 11. g4 Qe8 12. O-O-O Kh8 13. Nd2 Ng8 14. f3 f5 15. gxf5 gxf5 16. Be3 Ne7 17. Rdg1 Bf6 18. Bxc5 dxc5 19. exf5 Bxf5 20. Bd3 Qd7 21. Nde4 Bh4 22. Nxc5 Qc8 23. Ne6 Bxe6 24. dxe6 Qxe6 25. Bxh7 Qxc4 26. Be4 Nc6 27. Rg4 Bf6 28. Qd2 Bg7 29. Rh4+ Kg8 30. Bd5+ 1-0


[Site "https://www.chess.com"]

[Event "Titled Tuesday Blitz January 31 Early 2023"]
[White "Iskusnyh, Sergei"]
[Black "Player, Edmund C"]
[WhiteFideId "4120027"]
[BlackFideId "406520"]
[WhiteElo "2440"]
[BlackElo "2204"]
[Result "1-0"]
[Round "10"]
[TimeControl "180+2"]
[Date "2023.01.31"]
[WhiteClock "0:00:08"]
[BlackClock "0:00:16"]

1. d4 d5 2. c4 dxc4 3. e3 Nf6 4. Bxc4 a6 5. Nf3 b5 6. Be2 Bb7 7. O-O e6 8. a4 b4 9. Nbd2 c5 10. Nc4 Nc6 11. Nfe5 cxd4 12. Nxc6 Bxc6 13. Bf3 Bxf3 14. Qxf3 Qd5 15. Qxd5 Nxd5 16. exd4 Be7 17. a5 O-O 18. Bd2 Bf6 19. Be3 Rfd8 20. Rfd1 h5 21. Kf1 g6 22. Rac1 Rab8 23. Ke2 Rb5 24. Ra1 Ne7 25. Nb6 Nd5 26. Nc4 Kg7 27. h3 Ne7 28. g4 hxg4 29. hxg4 Nc6 30. Ne5 Bxe5 31. dxe5 Rxd1 32. Rxd1 Rxe5 33. Rd6 Nxa5 34. Kf3 Rd5 35. Rxa6 Nc4 36. Bc1 Rd1 37. Bf4 Kf6 38. Rc6 g5 39. Rxc4 gxf4 40. Rxf4+ Ke5 41. Rxb4 Rd3+ 42. Ke2 Rh3 43. f3 Rh2+ 44. Ke3 Rh1 45. Rb5+ Kd6 46. Kf4 Re1 47. Kg5 Rf1 48. Rb3 Rd1 49. Kf6 e5 50. Kxf7 Rf1 51. Kg6 e4 52. fxe4 Rf2 53. g5 Re2 54. Rb4 Re3 55. Rb6+ Kc5 56. Rb8 Rxe4 57. Kf5 Kc6 58. g6 Kc7 59. Kxe4 Kxb8 60. g7 Kc7 61. g8=Q Kd6 62. Qg5 Ke6 63. Qh5 Ke7 64. b4 Kd7 65. b5 Kc7 66. Kd5 Kb6 67. Kc4 Ka5 68. Qg6 Ka4 69. Qa6# 1-0


[Site "https://www.chess.com"]

[Event "Titled Tuesday Blitz January 31 Early 2023"]
[White "Gundam, Rohit"]
[Black "Fernandez Hernandez, Gerardo"]
[WhiteFideId "75002809"]
[BlackFideId "2207400"]
[WhiteElo "2058"]
[BlackElo "2181"]
[Result "1-0"]
[Round "10"]
[TimeControl "180+2"]
[Date "2023.01.31"]
[WhiteClock "0:00:35"]
[BlackClock "0:00:01"]

1. d4 Nf6 2. Nf3 g6 3. c4 Bg7 4. Nc3 O-O 5. e4 d6 6. h3 Na6 7. Be3 c5 8. e5 Nd7 9. exd6 exd6 10. d5 Re8 11. Be2 Rxe3 12. fxe3 Ne5 13. O-O Bf5 14. e4 Bd7 15. a3 Nc7 16. Qc2 Qe7 17. Rad1 a6 18. Nb1 b5 19. Nbd2 bxc4 20. Nxe5 Bxe5 21. Nxc4 Bg7 22. Bg4 Bxg4 23. hxg4 Nb5 24. e5 dxe5 25. d6 Qh4 26. d7 Nd4 27. Qf2 Qxf2+ 28. Rxf2 Rd8 29. Nb6 e4 30. Rdf1 f5 31. gxf5 gxf5 32. Rxf5 Nxf5 33. Rxf5 Bd4+ 34. Kf1 c4 35. Rg5+ Kf8 36. Nxc4 Rxd7 37. Rf5+ Rf7 38. Rxf7+ Kxf7 39. b3 Ke6 40. Ke2 Kd5 41. Nd2 e3 42. Nf3 Bb2 43. a4 Ke4 44. b4 Bc3 45. b5 axb5 46. axb5 Ba5 47. Ne1 Bb6 48. Nc2 Kf4 49. Nb4 Kg3 50. Nd5 Bc5 51. Nxe3 1-0


[Site "https://www.chess.com"]

[Event "Titled Tuesday Blitz January 31 Early 2023"]
[White "Mohammadian, Mohammad"]
[Black "Quirke, Jeffrey"]
[WhiteFideId "12566055"]
[BlackFideId "2013029"]
[WhiteElo "1398"]
[BlackElo "2007"]
[Result "0-1"]
[Round "10"]
[TimeControl "180+2"]
[Date "2023.01.31"]
[WhiteClock "0:00:16"]
[BlackClock "0:00:32"]

1. e4 c5 2. Nf3 g6 3. d4 cxd4 4. Nxd4 Nf6 5. Nc3 d6 6. Be2 Bg7 7. Be3 O-O 8. Qd2 Nc6 9. O-O-O Bd7 10. f3 Rc8 11. Kb1 Ne5 12. Bh6 Nc4 13. Bxc4 Rxc4 14. Bxg7 Kxg7 15. h4 h5 16. g4 Qa5 17. Nd5 Qxd2 18. Rxd2 hxg4 19. Nxf6 exf6 20. fxg4 Bxg4 21. b3 Rc5 22. Rg1 Bc8 23. Nf3 Re8 24. Rxd6 Rxe4 25. Rf1 Rf4 26. Nd2 Rxf1+ 27. Nxf1 Bf5 28. Rd2 Be4 29. Ne3 f5 30. Ng2 Rc3 31. Nf4 Rf3 32. Nd5 Rh3 33. Nc7 Rxh4 34. Ne8+ Kf8 35. Rd8 Ke7 36. Rb8 f4 37. Nc7 f3 38. Nb5 f2 0-1


[Site "https://www.chess.com"]

[Event "Titled Tuesday Blitz January 31 Early 2023"]
[White "Gritsenko, Nikolai"]
[Black "Vargas, Mauricio"]
[WhiteFideId "14112493"]
[BlackFideId "4404572"]
[WhiteElo "2309"]
[BlackElo "2035"]
[Result "1-0"]
[Round "10"]
[TimeControl "180+2"]
[Date "2023.01.31"]
[WhiteClock "0:01:57"]
[BlackClock "0:01:05"]

1. d4 d5 2. Nf3 c6 3. c4 e6 4. e3 Nf6 5. Nc3 Nbd7 6. Bd3 dxc4 7. Bxc4 b5 8. Bb3 Bd6 9. O-O O-O 10. a4 b4 11. Ne2 a5 12. Ng3 Ba6 13. Re1 Rc8 14. e4 Bb8 15. e5 Nd5 16. Bc2 Re8 17. Bxh7+ Kxh7 18. Ng5+ Kg8 19. Qh5 Nf8 20. Qxf7+ Kh8 21. Re4 Bd3 22. Rh4+ Bh7 23. Rxh7+ Nxh7 24. Qh5 Nf6 25. exf6 Qxd4 26. Qxh7# 1-0


[Site "https://www.chess.com"]

[Event "Titled Tuesday Blitz January 31 Early 2023"]
[White "Sadovsky, Artem"]
[Black "Burdalev, Kirill"]
[WhiteFideId "4155840"]
[BlackFideId "14121913"]
[WhiteElo "2276"]
[BlackElo "2368"]
[Result "1-0"]
[Round "10"]
[TimeControl "180+2"]
[Date "2023.01.31"]
[WhiteClock "0:01:15"]
[BlackClock "0:00:01"]

1. Nf3 Nf6 2. e3 g6 3. c4 Bg7 4. b3 O-O 5. Bb2 d6 6. d4 Nbd7 7. Nc3 e5 8. Be2 Re8 9. O-O e4 10. Nd2 h5 11. h3 Nf8 12. d5 h4 13. Qc2 Bf5 14. Nb5 N8h7 15. Nd4 Bd7 16. Kh1 Ng5 17. Rg1 Qc8 18. Bf1 Nxh3 19. gxh3 Bxh3 20. Ne2 Ng4 21. Bxh3 Nxf2+ 22. Kg2 Nxh3 23. Bxg7 Qg4+ 24. Kh2 Nxg1 25. Nxg1 Kxg7 26. Nf1 Re5 27. Qg2 Qxg2+ 28. Kxg2 g5 29. Nh3 a5 30. Nh2 Kg6 31. Ng4 Ree8 32. Rg1 f5 33. Ngf2 Kf6 34. Kf1 g4 35. Nf4 h3 36. Nh1 Rh8 37. Ng3 a4 38. b4 a3 39. Kf2 Ra4 40. Rb1 h2 41. Kg2 b6 42. Rf1 Rh6 43. Nfh5+ 1-0


[Site "https://www.chess.com"]

[Event "Titled Tuesday Blitz January 31 Early 2023"]
[White "Nakamura, Hikaru"]
[Black "Jobava, Baadur"]
[WhiteFideId "2016192"]
[BlackFideId "13601520"]
[WhiteElo "2775"]
[BlackElo "2578"]
[Result "1-0"]
[Round "11"]
[TimeControl "180+2"]
[Date "2023.01.31"]
[WhiteClock "0:00:41"]
[BlackClock "0:00:02"]

1. c4 Nf6 2. Nc3 g6 3. e4 d6 4. d4 Bg7 5. Nf3 O-O 6. Be2 e5 7. d5 a5 8. Bg5 h6 9. Bh4 Na6 10. Nd2 Qe8 11. O-O Nd7 12. f3 f5 13. a3 Ndc5 14. b4 Nd7 15. Rb1 h5 16. Bf2 Bh6 17. Nb5 Qe7 18. c5 dxc5 19. bxa5 Nf6 20. Bd3 Bd7 21. Nc3 Bc8 22. Nc4 fxe4 23. Bxe4 Nxe4 24. Nxe4 Rb8 25. d6 cxd6 26. Rb6 Rd8 27. Nexd6 Bg7 28. Qe2 Be6 29. Qe4 Kh7 30. Bh4 Bf6 31. Bxf6 Qxf6 32. Qxe5 Qxe5 33. Nxe5 Nc7 34. Rc1 Kg8 35. Rxc5 1-0


[Site "https://www.chess.com"]

[Event "Titled Tuesday Blitz January 31 Early 2023"]
[White "Caruana, Fabiano"]
[Black "So, Wesley"]
[WhiteFideId "2020009"]
[BlackFideId "5202213"]
[WhiteElo "2764"]
[BlackElo "2760"]
[Result "1-0"]
[Round "11"]
[TimeControl "180+2"]
[Date "2023.01.31"]
[WhiteClock "0:00:04"]
[BlackClock "0:00:02"]

1. d4 Nf6 2. c4 e6 3. Nc3 Bb4 4. e3 c5 5. Ne2 d5 6. a3 Bxc3+ 7. Nxc3 cxd4 8. exd4 dxc4 9. Bxc4 Nc6 10. Be3 O-O 11. O-O b6 12. Qf3 Bb7 13. Bd3 Qd7 14. Qh3 Ne7 15. Rad1 Ng6 16. Rfe1 Nd5 17. Qg3 Kh8 18. h4 Nge7 19. h5 h6 20. Bd2 Nf5 21. Qe5 Rfe8 22. Bb5 Bc6 23. Nxd5 Bxb5 24. Nc7 f6 25. Qh2 Ba4 26. Rc1 Nxd4 27. Nxa8 Rxa8 28. Rc7 Qd5 29. Bc3 Nb5 30. Re7 e5 31. Qg3 Rg8 32. Rc1 a5 33. Qf3 Qxf3 34. gxf3 Nd6 35. b4 axb4 36. Bxb4 Nf5 37. Rb7 b5 38. Kg2 Rd8 39. Rbc7 Kh7 40. Rc8 Rd3 41. R1c3 Rd4 42. Rf8 Rh4 43. Rc7 Bd1 44. Rxf6 Rf4 45. Rff7 Bxf3+ 46. Kf1 Rh4 47. Ke1 Rxh5 48. Bf8 Rg5 49. Kd2 h5 50. Be7 Nxe7 51. Rxf3 Nf5 52. Rc5 Nd4 53. Re3 Rf5 54. Kc3 h4 55. Rcxe5 Rxe5 56. Rxe5 Nf3 57. Rf5 1-0


[Site "https://www.chess.com"]

[Event "Titled Tuesday Blitz January 31 Early 2023"]
[White "Bortnyk, Olexandr"]
[Black "Babazada, Khazar"]
[WhiteFideId "14120828"]
[BlackFideId "13413554"]
[WhiteElo "2605"]
[BlackElo "2474"]
[Result "1/2-1/2"]
[Round "11"]
[TimeControl "180+2"]
[Date "2023.01.31"]
[WhiteClock "0:00:05"]
[BlackClock "0:00:12"]

1. d4 d5 2. Nc3 c6 3. Bf4 Nf6 4. e3 g6 5. h4 h5 6. Nf3 Bg7 7. Qd2 Bf5 8. Bd3 e6 9. Ng5 Nbd7 10. f3 a6 11. e4 dxe4 12. fxe4 Bg4 13. Bd6 Bf8 14. Bxf8 Rxf8 15. e5 Nd5 16. Nce4 Qb6 17. Nd6+ Ke7 18. c3 f6 19. Nge4 Kd8 20. exf6 N5xf6 21. O-O Bf5 22. Ng5 Kc7 23. Bxf5 exf5 24. Nc4 Qb5 25. Ne6+ Kb8 26. Nxf8 Nxf8 27. b3 Ka7 28. Qf4 Ne6 29. Qd6 Qd5 30. Rae1 Ne4 31. Qe5 Rc8 32. Rf3 Rg8 33. Qxd5 cxd5 34. Ne5 b5 35. c4 Nxd4 36. Rd3 Nc2 37. Re2 Nb4 38. Rd4 Re8 39. Nxg6 Kb6 40. cxd5 Kc5 41. Rxb4 Kxb4 42. Nf4 Kc5 43. Nxh5 Rh8 44. Ng7 Rxh4 45. Nxf5 Rf4 46. Ne3 b4 47. Re1 Nc3 48. d6 Kxd6 49. Nc4+ Kc5 50. Re5+ Kd4 51. Re6 Kd3 52. Rd6+ Kc2 53. g3 Rf8 54. Rxa6 Nxa2 55. Na5 Nc3 56. Rg6 Ra8 57. Nc6 Kxb3 58. Rg4 Nd5 59. Rd4 Rc8 60. Na5+ Kc3 61. Rxd5 b3 62. Nxb3 Kxb3 63. Kf2 Kc4 64. Rd6 Kc5 65. Rd3 Rf8+ 66. Kg2 Rg8 67. Kh3 Rh8+ 68. Kg4 Rg8+ 69. Kf4 Rf8+ 70. Ke5 Rg8 71. Rc3+ Kb4 72. Rf3 Kc4 73. Rf4+ Kd3 74. g4 Ke3 75. Rb4 Kf3 76. Kf5 Rf8+ 77. Kg5 Rg8+ 78. Kh5 Rh8+ 79. Kg6 Rg8+ 80. Kf5 Rf8+ 81. Ke6 Rg8 82. Rb1 Rxg4 83. Rb3+ Ke2 84. Kf5 Ra4 85. Ke5 Kd2 86. Rh3 Kc2 87. Kd5 Kd2 88. Kc5 Rg4 89. Rh2+ Ke3 90. Rh3+ Kf2 91. Rb3 Rf4 92. Rb4 Rxb4 93. Kxb4 1/2-1/2


[Site "https://www.chess.com"]

[Event "Titled Tuesday Blitz January 31 Early 2023"]
[White "Svidler, Peter"]
[Black "Drygalov, Sergey"]
[WhiteFideId "4102142"]
[BlackFideId "24171743"]
[WhiteElo "2683"]
[BlackElo "2547"]
[Result "0-1"]
[Round "11"]
[TimeControl "180+2"]
[Date "2023.01.31"]
[WhiteClock "0:00:20"]
[BlackClock "0:00:17"]

1. e4 c5 2. Nf3 d6 3. d4 cxd4 4. Nxd4 Nf6 5. Nc3 a6 6. Be3 e5 7. Nb3 Be7 8. f3 Be6 9. Qd2 Nbd7 10. g4 b5 11. O-O-O Nb6 12. Qf2 Nfd7 13. Kb1 O-O 14. h4 Qc7 15. g5 b4 16. Nd5 Nxd5 17. exd5 Bf5 18. Bd3 Bxd3 19. Rxd3 a5 20. Nd2 a4 21. Qg2 f5 22. gxf6 Nxf6 23. h5 Rf7 24. b3 Qb7 25. f4 axb3 26. cxb3 e4 27. Rd4 Nxd5 28. Rxd5 Qxd5 29. Qxe4 Qxe4+ 30. Nxe4 d5 31. Nc5 Bxc5 32. Bxc5 Rxf4 33. Rd1 Rf5 34. Bxb4 Rxh5 35. a4 Re5 36. Bc3 Re3 37. Kb2 Rc8 38. Bd4 Re4 39. a5 h5 40. a6 h4 41. a7 h3 42. Rc1 Re2+ 43. Ka3 Ra8 44. Rc7 Rg2 45. Rb7 Kh7 46. Re7 h2 47. Re1 g5 48. b4 Rg4 49. Bc5 Rh4 50. Rh1 g4 51. Bf2 Rh3+ 52. Ka4 g3 53. Bxg3 Rxa7+ 54. Kb5 Rxg3 55. Rxh2+ Kg6 0-1


[Site "https://www.chess.com"]

[Event "Titled Tuesday Blitz January 31 Early 2023"]
[White "Hakobyan, Aram"]
[Black "Begmuratov, Khumoyun"]
[WhiteFideId "13306677"]
[BlackFideId "14210207"]
[WhiteElo "2608"]
[BlackElo "2387"]
[Result "0-1"]
[Round "11"]
[TimeControl "180+2"]
[Date "2023.01.31"]
[WhiteClock "0:00:08"]
[BlackClock "0:00:49"]

1. e4 e5 2. Nf3 Nc6 3. Bb5 Nf6 4. d3 d6 5. O-O Be7 6. c3 O-O 7. Nbd2 a6 8. Ba4 b5 9. Bc2 Bg4 10. Re1 d5 11. Qe2 d4 12. h3 Bh5 13. g4 Bg6 14. cxd4 exd4 15. Nf1 Nb4 16. Bb1 c5 17. a3 Nc6 18. Ng3 Re8 19. Ba2 Bd6 20. Nf5 Bxf5 21. gxf5 c4 22. Bg5 h6 23. Bh4 Ne5 24. Nxe5 Bxe5 25. Rad1 cxd3 26. Qxd3 Qd6 27. Kg2 Nh5 28. Bg3 Rad8 29. Bd5 Nf6 30. Ba2 Bxg3 31. fxg3 Qc6 32. Bb1 a5 33. Qf3 Re5 34. Re2 b4 35. axb4 axb4 36. g4 Qa4 37. b3 Qe8 38. Bd3 Qe7 39. h4 Nd7 40. Qf2 Nc5 41. Kh3 Nxd3 42. Rxd3 Rxe4 43. f6 gxf6 44. Rxe4 Qxe4 45. Rf3 d3 46. Rxf6 Qh1+ 47. Kg3 d2 48. Rxf7 d1=Q 49. Rg7+ Kxg7 50. Qa7+ Rd7 0-1


[Site "https://www.chess.com"]

[Event "Titled Tuesday Blitz January 31 Early 2023"]
[White "Andreikin, Dmitry"]
[Black "Svane, Rasmus"]
[WhiteFideId "4158814"]
[BlackFideId "4657101"]
[WhiteElo "2729"]
[BlackElo "2623"]
[Result "1/2-1/2"]
[Round "11"]
[TimeControl "180+2"]
[Date "2023.01.31"]
[WhiteClock "0:00:12"]
[BlackClock "0:00:04"]

1. d4 Nf6 2. c4 e6 3. Nc3 Bb4 4. Nf3 h6 5. e3 O-O 6. Bd3 d5 7. O-O dxc4 8. Bxc4 b6 9. a3 Bxc3 10. bxc3 c5 11. Bb2 Qc7 12. Qe2 Bb7 13. Bd3 Be4 14. Rad1 Bxd3 15. Rxd3 Nbd7 16. Rfd1 Rac8 17. h3 Rfe8 18. e4 b5 19. Re3 a6 20. g3 Nb6 21. Ne5 Nfd7 22. Nxd7 Nxd7 23. Red3 Nb6 24. Bc1 cxd4 25. cxd4 Qc2 26. Qg4 Kh7 27. Qh5 Re7 28. Bg5 Rd7 29. Bf4 Rc3 30. Rxc3 Qxc3 31. d5 exd5 32. exd5 Qc2 33. d6 Qg6 34. Qc5 Nc4 35. Qc6 Qe6 36. Qxa6 g5 37. Bc1 Rxd6 38. Rxd6 Qxd6 39. Qxd6 Nxd6 40. g4 Kg6 41. f3 h5 42. Kf2 hxg4 43. hxg4 f5 44. Ke3 fxg4 45. fxg4 Nf7 46. Kd4 Nh6 47. Kc5 Nxg4 48. Kxb5 Nf6 49. Kc6 Kf5 50. a4 Ke6 51. Bxg5 Nd5 52. a5 Nb4+ 53. Kb5 Kd7 54. Bf4 Kc8 55. Kb6 Nd5+ 56. Kc6 Nxf4 57. a6 Kb8 58. a7+ Kxa7 1/2-1/2


[Site "https://www.chess.com"]

[Event "Titled Tuesday Blitz January 31 Early 2023"]
[White "Vokhidov, Shamsiddin"]
[Black "Pranav, V"]
[WhiteFideId "14204223"]
[BlackFideId "25060783"]
[WhiteElo "2586"]
[BlackElo "2597"]
[Result "1/2-1/2"]
[Round "11"]
[TimeControl "180+2"]
[Date "2023.01.31"]
[WhiteClock "0:00:13"]
[BlackClock "0:00:04"]

1. e4 e5 2. Nf3 Nc6 3. Nc3 Nf6 4. h3 g6 5. d4 exd4 6. Nxd4 Bg7 7. Bg5 h6 8. Bh4 O-O 9. Nxc6 bxc6 10. Bd3 Rb8 11. O-O d6 12. b3 Re8 13. f4 Qd7 14. Qd2 Nh7 15. Rae1 c5 16. Bc4 c6 17. Rd1 Bxc3 18. Qxc3 Rxe4 19. Qd3 d5 20. Qxe4 dxe4 21. Rxd7 Bxd7 22. Rd1 Nf8 23. Be7 Be6 24. Bxf8 Bxc4 25. Bxc5 Be6 26. a4 g5 27. Bxa7 Ra8 28. Be3 gxf4 29. Bxf4 Kh7 30. Kf2 c5 31. c4 Ra7 32. Rc1 Rd7 33. a5 Rd3 34. a6 Bd7 35. a7 Bc6 36. Ra1 Ba8 37. Ra5 Rxb3 38. Rxc5 Rb2+ 39. Ke3 Rb3+ 40. Kf2 Rb2+ 41. Kg3 Rb3+ 42. Kh4 Ra3 43. Rc7 Kg6 44. g3 e3 45. Re7 e2 46. c5 Bf3 47. Bb8 h5 48. g4 hxg4 49. hxg4 f5 50. gxf5+ Kxf5 51. Kg3 Be4+ 52. Kf2 Bf3 53. Rxe2 Bxe2 54. Kxe2 Ke6 55. c6 Ra6 56. c7 Kd7 57. Kd3 Kc8 58. Kc4 Rxa7 59. Bxa7 Kxc7 1/2-1/2


[Site "https://www.chess.com"]

[Event "Titled Tuesday Blitz January 31 Early 2023"]
[White "Le, Tuan Minh"]
[Black "Grandelius, Nils"]
[WhiteFideId "12401153"]
[BlackFideId "1710400"]
[WhiteElo "2542"]
[BlackElo "2664"]
[Result "1-0"]
[Round "11"]
[TimeControl "180+2"]
[Date "2023.01.31"]
[WhiteClock "0:00:04"]
[BlackClock "0:00:05"]

1. d4 d5 2. Nf3 Nf6 3. Bf4 c5 4. c3 cxd4 5. cxd4 Nc6 6. Nc3 a6 7. Rc1 Bf5 8. e3 e6 9. Qb3 Bb4 10. Be2 Ne4 11. h3 O-O 12. O-O Bxc3 13. bxc3 Na5 14. Qb4 Rc8 15. a4 h6 16. Rfd1 Re8 17. Ne5 f6 18. Nd3 Rc4 19. Qa3 Qc8 20. Nc5 Nxc5 21. Bxc4 Nxc4 22. Qxc5 Qxc5 23. dxc5 Rc8 24. Bd6 Kf7 25. Rd4 Rc6 26. Re1 b6 27. e4 bxc5 28. exd5 exd5 29. Re7+ Kg6 30. Rxc4 dxc4 31. Bf4 Bd3 32. a5 h5 33. Be3 Bf5 34. Ra7 Bc8 35. f3 Bf5 36. g4 hxg4 37. hxg4 Bd3 38. Kf2 Kh7 39. Bf4 Kg8 40. Kg3 g5 41. Bc7 Re6 42. Bb6 Re3 43. Rxa6 Be4 44. Kf2 Rxf3+ 45. Ke2 Rxc3 46. Bxc5 Rb3 47. Rxf6 c3 48. Rf8+ Kg7 49. Rc8 c2 50. Bd4+ Kf7 51. a6 Ra3 52. a7 Ke6 53. Be3 Bd5 54. Rxc2 Ra4 55. Rb2 Rxg4 56. Rb6+ Kd7 57. Bc5 Ra4 58. Rd6+ Kc7 59. Rxd5 Kc6 60. Rxg5 Ra5 61. Kd3 1-0


[Site "https://www.chess.com"]